 Dungeon Crawl Stone Soup version 0.27.1-33-g824d729ab1 (webtiles) character file.

Game seed: 1695727825676452038

1610 jlumianski the Ducker (level 8, -4/67 HPs)
             Began as a Gnoll Monk on Dec 19, 2021.
             Was an Elder of Zin.
             Killed from afar by an orc wizard (10 damage)
             ... with a puff of flame
             ... on level 6 of the Dungeon.
             The game lasted 00:33:32 (7827 turns).

jlumianski the Ducker (Gnoll Monk)                  Turns: 7827, Time: 00:33:32

Health: -4/67      AC:  8    Str: 12    XL:     8   Next: 95%
Magic:  22/22      EV: 13    Int: 11    God:    Zin [****..]
Gold:   232        SH:  0    Dex: 14    Spells: 8/14 levels left

rFire    . . .     SeeInvis .   t - +3 dagger (venom)
rCold    . . .     Faith    .   (no shield)
rNeg     . . .     Spirit   .   m - +0 ring mail
rPois    .         Reflect  .   (no helmet)
rElec    .         Harm     .   (no cloak)
rCorr    .         Rampage  .   x - +1 pair of gloves
Will     .....                  (no boots)
Stlth    +.........             j - amulet of the acrobat
HPRegen  0.21/turn              I - ring of magical power
MPRegen  0.18/turn              (no ring)

@: confused, ambrosia-drunk
A: fangs 1, strong nose, distributed training
a: Renounce Religion, Recite, Vitalisation, Imprison, Donate Gold


You were on level 6 of the Dungeon.
You worshipped Zin.
Zin was greatly pleased with you.
You visited 1 branch of the dungeon, and saw 6 of its levels.

You collected 289 gold pieces.
You donated 57 gold pieces to Zin.

Inventory:

Hand Weapons
 a - a +0 hand axe
 c - a +3 short sword
 e - a +0 short sword of venom
 i - a +0 hunting sling
 p - a +2 spectral club
 r - a +0 hunting sling
 t - a +3 dagger of venom (weapon)
 B - a +1 antimagic lajatang
 H - a +0 rapier
Missiles
 f - 165 stones
 g - 8 curare-tipped darts
 h - 77 arrows
 l - 51 bolts
 u - 30 sling bullets
 w - 3 boomerangs (quivered)
 C - 14 poisoned darts
Armour
 b - a +0 robe
 m - a +0 ring mail (worn)
 q - a +1 robe of the Archmagi
 x - a +1 pair of gloves (worn)
 A - a +0 leather armour of cold resistance
 D - a +0 buckler
Magical Staves
 y - a staff of fire
Jewellery
 j - an amulet of the acrobat (around neck)
 I - a ring of magical power (left hand)
Scrolls
 d - 4 scrolls of teleportation
 E - a scroll of amnesia
 F - a scroll of holy word {unknown}
Potions
 k - a potion of brilliance
 n - 2 potions of resistance
 o - a potion of degeneration
 s - a potion of haste
 v - 3 potions of flight


   Skills:
 + Level 7.6 Fighting
 + Level 3.7 Short Blades
 + Level 3.7 Long Blades
 + Level 7.6 Axes
 + Level 3.7 Maces & Flails
 + Level 3.7 Polearms
 + Level 3.7 Staves
 + Level 3.7 Slings
 + Level 3.7 Bows
 + Level 3.7 Crossbows
 + Level 3.7 Throwing
 + Level 3.7 Armour
 + Level 7.6 Dodging
 + Level 5.6 Stealth
 + Level 3.7 Shields
 + Level 3.7 Unarmed Combat
 + Level 3.7 Spellcasting
 + Level 3.0 Conjurations
 + Level 3.0 Hexes
 + Level 3.0 Summonings
 + Level 3.0 Necromancy
 + Level 3.0 Translocations
 + Level 3.0 Transmutations
 + Level 3.0 Fire Magic
 + Level 3.0 Ice Magic
 + Level 3.0 Air Magic
 + Level 3.0 Earth Magic
 + Level 3.0 Poison Magic
 + Level 4.1 Invocations
 + Level 3.7 Evocations


You had 8 spell levels left.
You knew the following spells:

 Your Spells              Type           Power      Damage    Failure   Level
a - Stone Arrow           Conj/Erth      16%        3d8       41%         3
b - Corona                Hex            8%         N/A       14%         1
c - Ensorcelled Hibernat  Hex/Ice        16%        N/A       22%         2

Your spell library contained the following spells:

 Spells                   Type           Power      Damage    Failure   Level
 Tukima's Dance           Hex            8%         N/A       41%         3
 Animate Armour           Summ/Erth      16%        N/A       82%         4
 Blade Hands              Tmut           4%         N/A       99%         5
 Bolt of Magma            Conj/Fire/Erth 4%         4d5       99%         5
 Iron Shot                Conj/Erth      4%         9d2       100%        6
 Shatter                  Erth           4%         3d7*      100%        9


Dungeon Overview and Level Annotations

Branches:
Dungeon (6/15)             Temple (0/1) D:4

Altars:
Sif Muna
Uskayaw
Zin


Innate Abilities, Weirdness & Mutations

You have very sharp teeth.
Your uncanny sense of smell can sniff out nearby items.
Your experience applies equally to all skills.


Message History

You closely miss the orc wizard.
An orc comes into view. It is wielding a +0 short sword.
The orc wizard misses you.
The orc shouts!
You hit the orc wizard but do no damage.
You bite the orc wizard.
The orc wizard is lightly wounded.
You hear a shout!
An ice beast comes into view.
The ogre hits you with a +0 giant club!
The orc wizard gestures at you while chanting.
You are confused.
The orc wizard completely misses you. The ogre completely misses you.
You closely miss the ogre.
The orc wizard hits you but does no damage.
You hit the ogre.
The ogre is poisoned.
The ogre is lightly wounded.
The ogre completely misses you.
The orc wizard hits you but does no damage.
You hit the ogre but do no damage.
The ogre looks as sick as possible!
The ogre is lightly wounded.
The ogre hits you with a +0 giant club!!
The orc wizard completely misses you.
You barely miss the ogre.
The ogre is heavily wounded.
The ogre hits you with a +0 giant club! The orc wizard barely misses you.
You hit the orc but do no damage.
The orc is poisoned.
The ogre hits you with a +0 giant club!!
* * * LOW HITPOINT WARNING * * *
Unknown command.
It was a potion of mutation.
You feel extremely strange. Zin protects your body from mutation!
Zin forgives your inadvertent chaotic act, just this once.
You feel less confused. The orc closely misses you.
The orc wizard barely misses you.
You are confused.
You feel invigorated. The orc misses you.
The orc wizard points at you and mumbles some strange words.
The puff of flame hits you!
You die...

....)...# #.#
#.# ##.###
#....##
#.....#
##.....##
##o..)...#
##@O......#
##..o......##
##...........#
#............#
#...........>#
##...........#
#
#..........##
##
##........##
##. #.....####
#..


You could see an ogre (very poisoned), an orc wizard and an orc (very poisoned).

Vanquished Creatures
  Sigmund (D:2)
  Eustachio (D:5)
  A steam dragon (D:5)
  An orc warrior (D:4)
  A black bear (D:5)
  A sky beast (D:4)
  3 ogres
  A phantom (D:5)
  2 scorpions (D:4)
  A jelly (D:5)
  2 hounds
  A centaur skeleton (D:4)
  Jessica (D:4)
  An iguana (D:6)
  Natasha (thrice) (D:2)
  An orc wizard (D:5)
  Terence (D:2)
  A howler monkey skeleton (D:5)
  7 adders
  2 worms
  3 dart slugs
  8 orcs
  9 endoplasms
  3 giant cockroaches
  6 goblins
  11 hobgoblins
  8 jackals
  6 quokkas
  3 ball pythons
  5 bats
  A frilled lizard (D:1)
  6 kobolds
  6 rats
108 creatures vanquished.

Vanquished Creatures (others)
  An orc (D:6)
  2 plants (D:1)
3 creatures vanquished.

Grand Total: 111 creatures vanquished

Notes
Turn   | Place    | Note
-------+----------+-------------------------------------------
     0 | D:1      | jlumianski the Gnoll Monk began the quest for the Orb.
     0 | D:1      | Reached XP level 1. HP: 23/23 MP: 1/1
   243 | D:1      | Reached XP level 2. HP: 26/29 MP: 2/2
   527 | D:1      | Found a faded altar of an unknown god.
   553 | D:1      | Reached XP level 3. HP: 32/35 MP: 3/3
   559 | D:1      | Became a worshipper of Zin the Law-Giver
   559 | D:1      | Reached * piety under Zin
   559 | D:1      | Reached ** piety under Zin
   559 | D:1      | Reached *** piety under Zin
   614 | D:1      | Learned a level 3 spell: Stone Arrow
   676 | D:1      | Donated 29 gold pieces to Zin
  1011 | D:1      | Reached skill level 1 in Invocations
  1198 | D:2      | Reached skill level 1 in Short Blades
  1198 | D:2      | Reached skill level 1 in Long Blades
  1198 | D:2      | Reached skill level 1 in Maces & Flails
  1198 | D:2      | Reached skill level 1 in Polearms
  1198 | D:2      | Reached skill level 1 in Staves
  1198 | D:2      | Reached skill level 1 in Slings
  1198 | D:2      | Reached skill level 1 in Bows
  1198 | D:2      | Reached skill level 1 in Crossbows
  1198 | D:2      | Reached skill level 1 in Throwing
  1198 | D:2      | Reached skill level 1 in Armour
  1198 | D:2      | Reached skill level 1 in Shields
  1198 | D:2      | Reached skill level 1 in Unarmed Combat
  1198 | D:2      | Reached skill level 1 in Spellcasting
  1198 | D:2      | Reached skill level 1 in Evocations
  1441 | D:2      | Found a hide-covered altar of Uskayaw.
  1466 | D:2      | Noticed Terence
  1503 | D:2      | Killed Terence
  1504 | D:2      | Reached XP level 4. HP: 36/41 MP: 5/5
  1593 | D:2      | Noticed Sigmund
  1612 | D:2      | Zin protects you from harm!
  1614 | D:2      | HP: 2/41 [Sigmund (4)]
  1616 | D:2      | Killed Sigmund
  1617 | D:2      | Reached skill level 1 in Conjurations
  1617 | D:2      | Reached skill level 1 in Hexes
  1617 | D:2      | Reached skill level 1 in Summonings
  1617 | D:2      | Reached skill level 1 in Necromancy
  1617 | D:2      | Reached skill level 1 in Translocations
  1617 | D:2      | Reached skill level 1 in Transmutations
  1617 | D:2      | Reached skill level 1 in Fire Magic
  1617 | D:2      | Reached skill level 1 in Ice Magic
  1617 | D:2      | Reached skill level 1 in Air Magic
  1617 | D:2      | Reached skill level 1 in Earth Magic
  1617 | D:2      | Reached skill level 1 in Poison Magic
  1617 | D:2      | Reached XP level 5. HP: 3/47 MP: 4/7
  1617 | D:2      | Reached XP level 6. HP: 3/53 MP: 4/8
  2212 | D:2      | Noticed Jessica
  2251 | D:2      | Noticed Natasha
  2271 | D:2      | Killed Natasha
  2311 | D:2      | Noticed Natasha
  2335 | D:2      | Killed Natasha
  2478 | D:2      | Noticed Natasha
  2487 | D:2      | Killed Natasha
  3216 | D:3      | Reached **** piety under Zin
  3607 | D:4      | Found a shimmering blue altar of Sif Muna.
  3656 | D:4      | Noticed a sky beast
  3669 | D:4      | Killed a sky beast
  3670 | D:4      | Reached XP level 7. HP: 59/59 MP: 10/10
  3673 | D:4      | Found a staircase to the Ecumenical Temple.
  4050 | D:4      | Killed Jessica
  4374 | D:4      | Learned a level 1 spell: Corona
  4956 | D:4      | Reached skill level 5 in Stealth
  5461 | D:5      | Entered Level 5 of the Dungeon
  5656 | D:5      | Reached XP level 8. HP: 66/67 MP: 12/12
  6471 | D:5      | Noticed Eustachio
  7150 | D:5      | Killed Eustachio
  7411 | D:6      | Learned a level 2 spell: Ensorcelled Hibernation
  7825 | D:6      | HP: 1/67 [ogre (24)]
  7827 | D:6      | Killed from afar by an orc wizard

Illustrated notes

Levels and vault maps discovered:
D:1:      wheals_arrival_shading, layout_loops_cross,
          shapermc_ecumenical_altar_mp_ritualfount
D:2:      layout_basic, basic_altar, uniq_natasha, uniq_sigmund, uniq_terence,
          uniq_jessica
D:3:      layout_basic, minmay_misc_feat_ornament, guppyfry_early_orc_mine
D:4:      layout_basic, nicolae_sif_muna_condensation,
          minmay_temple_entry_nine_rooms
D:5:      layout_loops_ring, portal_sewer_entry_d, dk_noncrumbling_4,
          uniq_eustachio
D:6:      layout_cave_pods, old_standard_altar

Skill      XL: |  1  2  3  4  5  6  7  8 |
---------------+-------------------------+-----
Invocations    | 1 2 3 4 |  4.1
Short Blades   | 1 2 3 |  3.7
Long Blades    | 1 2 3 |  3.7
Maces & Flails | 1 2 3 |  3.7
Polearms       | 1 2 3 |  3.7
Staves         | 1 2 3 |  3.7
Slings         | 1 2 3 |  3.7
Bows           | 1 2 3 |  3.7
Crossbows      | 1 2 3 |  3.7
Throwing       | 1 2 3 |  3.7
Armour         | 1 2 3 |  3.7
Shields        | 1 2 3 |  3.7
Unarmed Combat | 1 2 3 |  3.7
Spellcasting   | 1 2 3 |  3.7
Evocations     | 1 2 3 |  3.7
Conjurations   | 1 2 3 |  3.0
Hexes          | 1 2 3 |  3.0
Summonings     | 1 2 3 |  3.0
Necromancy     | 1 2 3 |  3.0
Translocations | 1 2 3 |  3.0
Transmutations | 1 2 3 |  3.0
Fire Magic     | 1 2 3 |  3.0
Ice Magic      | 1 2 3 |  3.0
Air Magic      | 1 2 3 |  3.0
Earth Magic    | 1 2 3 |  3.0
Poison Magic   | 1 2 3 |  3.0
Fighting       | 7 |  7.6
Axes           | 7 |  7.6
Dodging        | 7 |  7.6
Stealth        | 5 |  5.6

Action                   |  1- 3 |  4- 6 |  7- 9 || total
-------------------------+-------+-------+-------++-------
Melee: Hand axe          |     9 |       |       ||     9
       Short sword       |    77 |    25 |       ||   102
       Bite              |     6 |     7 |    19 ||    32
       Punch             |       |     1 |     3 ||     4
       Dagger            |       |    63 |   160 ||   223
 Fire: Hunting sling     |     6 |     5 |       ||    11
Throw: Boomerang         |       |       |     3 ||     3
 Cast: Corona            |       |       |     4 ||     4
Invok: Donate Gold       |     1 |       |       ||     1
       Vitalisation      |       |     1 |       ||     1
  Use: Potion            |     1 |     1 |     2 ||     4
       Scroll            |       |     7 |     4 ||    11
 Stab: Sleeping          |     3 |     8 |     4 ||    15
Armor: Robe              |     4 |       |       ||     4
       Ring mail         |     7 |    17 |    45 ||    69
Dodge: Dodged            |    52 |    42 |   196 ||   290
